 Dungeon Crawl Stone Soup version 0.22-a0-848-ge9e22a0 (webtiles) character file.

14 Amnesiac the Digger (level 2, 0/19 HPs)
             Began as a Mummy Earth Elementalist on July 26, 2018.
             Slain by an adder (2 damage)
             ... on level 3 of the Dungeon.
             The game lasted 00:01:24 (439 turns).

Amnesiac the Digger (Mummy Earth Elementalist)       Turns: 439, Time: 00:01:25

Health: 0/19       AC:  2    Str: 11    XL:     2   Next: 27%
Magic:  0/5        EV: 12    Int: 14    God:
Gold:   11         SH:  0    Dex: 12    Spells: 3/6 levels left

rFire    x . .     SeeInvis .   e - +0 whip
rCold    + . .     Gourm    .   (no shield)
rNeg     + + +     Faith    .   c - +0 robe
rPois    ∞         Spirit   .   (no helmet)
rElec    .         Reflect  .   (no cloak)
rCorr    .         Harm     .   (no gloves)
MR       .....                  (no boots)
Stlth    ++........             (no amulet)
HPRegen  0.06/turn              (no ring)
MPRegen  0.09/turn              (no ring)

@: no status effects
A: no food or potions, fire vulnerability, cold resistance 1, negative energy
resistance 3, torment resistance, unbreathing
a: no special abilities


You were on level 3 of the Dungeon.
You were not hungry.

You visited 1 branch of the dungeon, and saw 4 of its levels.

You collected 11 gold pieces.

Inventory:

Hand Weapons
 e - a +0 whip (weapon)
Missiles
 b - 31 stones (quivered)
Armour
 c - a +0 robe (worn)
Scrolls
 a - 2 scrolls of teleportation {!r}
 d - a scroll of remove curse {!r}


   Skills:
 - Level 1.5 Dodging
 - Level 1.5 Stealth
 + Level 2.9 Spellcasting
 - Level 0.7 Transmutations
 * Level 3.0 Earth Magic


You had 3 spell levels left.
You knew the following spells:

 Your Spells              Type           Power        Failure   Level  Hunger
a - Sandblast             Erth           ##....       6%          1    N/A
b - Passwall              Tmut/Erth      #.......     16%         2    N/A

Your spell library contained the following spells:

 Spells                   Type           Power        Failure   Level  Hunger
 Stone Arrow              Conj/Erth      #.....       34%         3    N/A
 Lee's Rapid Deconstruct  Erth           ##........   86%         5    N/A
 Petrify                  Tmut/Erth      #.......     69%         4    N/A

Dungeon Overview and Level Annotations

Branches:
Dungeon (4/15)
 Temple: D:4-7

Altars:

Annotations:
D:4 Menkaure


Innate Abilities, Weirdness & Mutations

You do not eat or drink.
Your flesh is vulnerable to fire.
You are immune to poison.
Your flesh is cold resistant. (rC+)
You are immune to negative energy. (rN+++)
You are immune to unholy pain and torment.
You can survive without breathing.


Message History

Aiming: Sandblast (safe; 6% risk of failure)
Press: ? - help, Shift-Dir - straight line, f/p - adder
Aim: an adder (moderately wounded)
The blast of sand hits the adder.
The adder is moderately wounded.
b - 32 stones The adder barely misses you.
Casting: Sandblast (safe; 6% risk of failure)
Confirm with . or Enter, or press ? or * to list all spells.
You don't have enough magic to cast that spell.
Casting: Sandblast (safe; 6% risk of failure)
Confirm with . or Enter, or press ? or * to list all spells.
You don't have enough magic to cast that spell.
Casting: Sandblast (safe; 6% risk of failure)
Confirm with . or Enter, or press ? or * to list all spells.
You don't have enough magic to cast that spell.
The adder bites you.
You hit the adder.
The adder is moderately wounded.
The adder bites you but does no damage.
Casting: Sandblast (safe; 6% risk of failure)
Confirm with . or Enter, or press ? or * to list all spells.
You don't have enough magic to cast that spell.
You see here 7 gold pieces.
You hit the adder.
The adder is heavily wounded.
The adder bites you.
* * * LOW HITPOINT WARNING * * *
The adder closely misses you.
There is a stone staircase leading down here.
Casting: Sandblast (safe; 6% risk of failure)
Confirm with . or Enter, or press ? or * to list all spells.
You don't have enough magic to cast that spell.
You barely miss the adder.
The adder is moderately wounded.
The adder bites you.
* * * LOW HITPOINT WARNING * * *
The adder bites you.
* * * LOW HITPOINT WARNING * * *
Casting: Sandblast (safe; 6% risk of failure)
Confirm with . or Enter, or press ? or * to list all spells.
You don't have enough magic to cast that spell.
The adder barely misses you.
There is a stone staircase leading up here.
Casting: Sandblast (safe; 6% risk of failure)
Confirm with . or Enter, or press ? or * to list all spells.
Aiming: Sandblast (safe; 6% risk of failure)
Press: ? - help, Shift-Dir - straight line, f/p - adder
Aim: an adder (moderately wounded)
The blast of sand hits the adder.
The adder is heavily wounded.
b - 31 stones The adder barely misses you.
Unknown command.
You barely miss the adder.
The adder is heavily wounded.
The adder barely misses you.
Unknown command.
Okay, then.
Really read
d - 2 scrolls labeled FIULIT LIUC {!r}?
As you read the scroll labeled FIULIT LIUC {!r}, it crumbles to dust.
You feel blessed for a moment.
It was a scroll of remove curse {!r}.
The adder bites you.
You die...

##.....#.....##
..#.............####
....................
..................#
..................#
.................%#
.....<...÷........#
.........$>......## #.#
.......!.....S@.## #..#
####%....###.#.#####..####
#######..###....#..!......
.........†#####.........#
.........(...###........#
.........†##.##.........#
........................#
...........#............#
.............#####†######


You could see an adder.

Vanquished Creatures
  An orc (D:3)
  3 jackals (D:3)
  2 kobolds (D:3)
  A quokka (D:3)
  2 bats (D:3)
  A frilled lizard (D:3)
  2 rats
12 creatures vanquished.

Notes
Turn   | Place    | Note
-------+----------+-------------------------------------------
     0 | D:1      | Amnesiac the Mummy Earth Elementalist began the quest for the Orb.
     0 | D:1      | Reached XP level 1. HP: 13/13 MP: 4/4
   205 | D:4      | Noticed Menkaure
   223 | D:4      | Noticed a worker ant
   352 | D:3      | Reached XP level 2. HP: 16/19 MP: 0/5
   360 | D:3      | Learned a level 2 spell: Passwall
   414 | D:3      | Reached skill level 3 in Earth Magic
   439 | D:3      | Slain by an adder

Vault maps used:
D:1:      dpeg_arrival_refuge
D:2:      grunt_dithmenos_smoke
D:3:      ebering_ghost_reflecting_pool, chequers_ecumenical_altar_grove
D:4:      minmay_temple_entry_junction, uniq_menkaure, uniq_robin

Skill      XL: |  1  2 |
---------------+-------+-----
Earth Magic    | 3 |  3.0
Dodging        | |  1.5
Stealth        | |  1.5
Spellcasting   | |  2.9
Transmutations | |  0.7

Action                   || total
-------------------------++-------
Melee: Unarmed           ||     7
       Whip              ||     9
 Cast: Sandblast         ||    16
  Use: Scroll            ||     2
 Stab: Sleeping          ||     1
Armor: Robe              ||     5
Dodge: Dodged            ||    19

Table legend:
 A = Spawn XP
 B = Non-spawn XP
 C = Spawn XP percentage of total XP
 D = Spawn monster count
 E = Non-spawn monster count
 F = Spawn count percentage of total count
 G = Total turns spent on level
                    A         B        C        D         E        F      G
               +---------+---------+-------+---------+---------+-------+---------
         Total |       0 |      20 |   0.0 |       0 |      12 |   0.0 |   439
               +---------+---------+-------+---------+---------+-------+---------
           D:2 |       0 |       1 |   0.0 |       0 |       1 |   0.0 |   152
           D:3 |       0 |      19 |   0.0 |       0 |      11 |   0.0 |   235
               +---------+---------+-------+---------+---------+-------+---------
